 Dungeon Crawl Stone Soup version 0.16-a0-1196-ged0958e (console) character file.

38 MeGone the Bolt Thrower (level 3, 0/21 HPs)
             Began as a Kobold Hunter on Oct 10, 2014.
             Succumbed to poison (a potion of poison)
             ... on level 2 of the Dungeon on Oct 11, 2014.
             The game lasted 00:30:41 (1250 turns).

MeGone the Bolt Thrower (Kobold Hunter)             Turns: 1250, Time: 00:30:42

Health: 0/21       AC:  3    Str: 11    XL:     3   Next: 65%
Magic:  12/12      EV: 13    Int:  9    God:
Gold:   71         SH:  0    Dex: 16    Spells: 0 memorised, 2 levels left

rFire  . . .     SeeInvis +     a - +0 short sword
rCold  . . .     Clarity  .     d - +0 leather armour
rNeg   . . .     SustAb   .     (no shield)
rPois  .         Gourm    .     (no helmet)
rElec  .         Spirit   .     (no cloak)
rCorr  .         Warding  .     (no gloves)
rMut   .         Stasis   .     (no boots)
MR     .....                    (no amulet)
Stlth  ++........               j - ring of see invisible
                                i - ring of magical power

@: lethally poisoned, not resistant to hostile enchantments, unstealthy
A: carnivore 3
a: no special abilities


You were on level 2 of the Dungeon.
You were full.

You visited 1 branch of the dungeon, and saw 2 of its levels.

You collected 71 gold pieces.

Inventory:

Hand weapons
 a - a +0 short sword (weapon)
 b - a +1 hand crossbow
 e - a +0 dagger
 p - a +0 dagger
 u - a +0 dagger
Missiles
 c - 6 bolts
 m - 12 poisoned needles
 o - 16 bolts of frost
Armour
 d - a +0 leather armour (worn)
Comestibles
 f - a meat ration
 q - a rotting chunk of bat flesh
 r - 2 chunks of worm flesh
 s - a chunk of bat flesh
Scrolls
 g - 3 scrolls of identify {unknown}
 k - a scroll of teleportation {unknown}
 l - a scroll of magic mapping {unknown}
 t - a scroll of amnesia {unknown}
Jewellery
 i - a ring of magical power (left hand)
 j - a ring of see invisible (right hand)
Potions
 n - a potion of poison


   Skills:
 - Level 2.0 Fighting
 + Level 1.6 Short Blades
 - Level 5.1 Crossbows
 - Level 3.0 Dodging
 + Level 1.7 Stealth


You had 2 spell levels left.
You didn't know any spells.

Dungeon Overview and Level Annotations

Branches:
Dungeon (2/15)

Altars:


Innate Abilities, Weirdness & Mutations

You are small and have problems with some larger weapons.
You are carnivorous and can eat meat at any time.


Message History

As you read the scroll labeled OZOTHR LIGUE, it crumbles to dust.
You feel blessed for a moment.
It was a scroll of remove curse.
You feel sick. The adder bites you.
You are more poisoned.
The adder poisons you! The adder closely misses you.
You feel sick.
You barely miss the adder.
You feel sick. The adder bites you.
* * * LOW HITPOINT WARNING * * *
Drink which item? (? for menu, Esc to quit)
That liquid tasted very nasty...
You are more poisoned.
It was a potion of poison.
* * * LOW HITPOINT WARNING * * *
You feel sick. The adder closely misses you. The adder closely misses you.
You barely miss the adder.
* * * LOW HITPOINT WARNING * * *
You feel sick. The adder bites you.
* * * LOW HITPOINT WARNING * * *
You hit the adder.
The adder is heavily wounded.
You die...

#....# #....# . ##..##
.... #...# ... #.### .[.
#.# ## .. #.# #. #. #.#
##. ##.#### #.######..
.#####.....## #.##......
........@...####.##......
######..S................
#.........###.##......
#.........#<>.##......
#.........#.######..##
#..(..(.....# #....#
#..(....##.## #.#.##
#.#.(...#..# #.....# ..
#.......###..##.##
.................
.......##..#....#


You could see an adder.

Vanquished Creatures
  2 worms (D:2)
  7 bats
  3 giant cockroaches
  4 hobgoblins (D:1)
  2 giant newts (D:1)
  A goblin (D:1)
  2 kobolds
  5 rats (D:1)
26 creatures vanquished.

Notes
Turn   | Place    | Note
--------------------------------------------------------------
     0 | D:1      | MeGone, the Kobold Hunter, began the quest for the Orb.
     0 | D:1      | Reached XP level 1. HP: 12/12 MP: 1/1
    29 | D:1      | Reached skill level 5 in Crossbows
   250 | D:1      | Reached XP level 2. HP: 16/16 MP: 2/2
   415 | D:1      | Reached skill level 1 in Short Blades
  1121 | D:2      | Reached XP level 3. HP: 21/21 MP: 3/3
  1244 | D:2      | Upgraded the game from 0.16-a0-1183-g5b05a17 to 0.16-a0-1196-ged0958e
  1249 | D:2      | HP: 1/21 [adder (1)]
  1250 | D:2      | Succumbed to poison (a potion of poison)

Action                   || total
-------------------------++-------
Melee: Short sword       ||    24
 Fire: Hand crossbow     ||    56
  Use: Scroll            ||     1
       Potion            ||     1
  Eat: Chunk             ||     5
